 Dungeon Crawl Stone Soup version 0.31-a0-879-g1609e0ac53 (webtiles) character file.

Game seed: 16796168806462297419

1382 randomguy2701 the Shield-Bearer (level 8, -3/61 HPs)
             Began as a Gnoll Wanderer on Oct 14, 2023.
             Was a Follower of Ashenzari.
             Slain by a gnoll sergeant
             ... wielding a +2 trident of protection
              (12 damage)
             ... on level 6 of the Dungeon.
             The game lasted 00:12:04 (6362 turns).

randomguy2701 the Shield-Bearer (Gnoll Wanderer)    Turns: 6362, Time: 00:12:05

Health: -3/61      AC:  4    Str:  9    XL:     8   Next: 67%
Magic:  12/14      EV: 18    Int: 10    God:    Ashenzari [*.....]
Gold:   200        SH:  9    Dex: 18    Spells: 15/16 levels left

rFire   . . .        v - +2 dagger (elec)
rCold   . . .        e - +2 buckler "Adversity of Ashenzari" {Elem, Range} (curse)
rNeg    . . .        d - +0 robe
rPois   .            (no helmet)
rElec   .            (no cloak)
rCorr   .            a - +1 pair of gloves of Ashenzari's Ordeal {Fort, Alch} (curse)
SInv    .            (no boots)
Will    .....        (no amulet)
Stlth   +++          o - +5 ring of evasion
HPRegen 0.30/turn    r - ring of wizardry
MPRegen 0.14/turn

%: wizardry (x1)
@: no status effects
A: fangs 1, strong nose, distributed training
a: Renounce Religion, Curse Item, Shatter the Chains


You were on level 6 of the Dungeon.
You worshipped Ashenzari.
Ashenzari was aware of your devotion.
You visited 1 branch of the dungeon, and saw 8 of its levels.

You collected 200 gold pieces.

Inventory:

Hand Weapons
 s - the +2 quarterstaff of Ninlygionk {heavy, Str+2 SInv}
   (You found it on level 4 of the Dungeon)

   Str+2:     It affects your strength (+2).
   SInv:      It lets you see invisible.
 v - a +2 dagger of electrocution (weapon)
Missiles
 x - a throwing net
Armour
 a - the cursed +1 pair of gloves of Ashenzari's Ordeal (worn) {Fort, Alch}
   (You found it on level 5 of the Dungeon)

   It has a curse which improves the following skills: Fortitude: Armour and
   Shields.
   Alchemy:   Poison Magic and Transmutations.
 d - a +0 robe (worn)
 e - the cursed +2 buckler "Adversity of Ashenzari" (worn) {Elem, Range}

   It has a curse which improves the following skills: Elements: Fire Magic, Ice
   Magic, Air Magic and Earth Magic.
   Ranged Combat: Ranged Weapons and Throwing.
Jewellery
 b - a +6 ring of intelligence
 o - a +5 ring of evasion (left hand)
 r - a ring of wizardry (right hand)
Wands
 p - a wand of roots (10)
Scrolls
 j - a scroll of silence
 m - 5 scrolls of identify
 n - 2 scrolls of poison
 q - 2 scrolls of vulnerability
 t - a scroll of enchant armour
 w - a scroll of amnesia
Potions
 c - 2 potions of resistance
 f - 2 potions of degeneration
 g - a potion of haste
 i - 3 potions of attraction
 k - 2 potions of lignification
 l - 2 potions of cancellation
 u - a potion of curing


   Skills:
 + Level 4.4 Fighting
 + Level 3.5 Short Blades
 + Level 3.5 Long Blades
 + Level 3.5 Axes
 + Level 3.5 Maces & Flails
 + Level 3.5 Polearms
 + Level 3.5 Staves
 + Level 3.5(4.2) Ranged Weapons
 + Level 3.5(4.2) Throwing
 + Level 4.4(5.2) Armour
 + Level 3.5 Dodging
 + Level 5.5 Stealth
 + Level 7.5(8.3) Shields
 + Level 3.5 Unarmed Combat
 + Level 4.5 Spellcasting
 + Level 2.9 Conjurations
 + Level 2.9 Hexes
 + Level 2.9 Summonings
 + Level 2.9 Necromancy
 + Level 2.9 Translocations
 + Level 4.8(5.6) Transmutations
 + Level 2.9(3.6) Fire Magic
 + Level 2.9(3.6) Ice Magic
 + Level 2.9(3.6) Air Magic
 + Level 2.9(3.6) Earth Magic
 + Level 2.9(3.6) Poison Magic
 + Level 3.9 Invocations
 + Level 3.5 Evocations
 + Level 3.2 Shapeshifting


You had 15 spell levels left.
You knew the following spells:

 Your Spells              Type           Power      Damage    Failure   Level
a - Sting                 Tmut/Pois      44%        1d5       1%          1

Your spell library contained the following spells:

 Spells                   Type           Power      Damage    Failure   Level
 Freeze                   Ice            36%        1d5       3%          1
 Passwall                 Tmut/Erth      9%         N/A       3%          2
 Kiss of Death            Conj/Necr      32%        2d7       4%          1
 Ensorcelled Hibernation  Hex/Ice        16%        N/A       5%          2
 Ignite Poison            Fire/Tmut/Pois 10%        N/A       7%          3
 Frozen Ramparts          Ice            18%        1d3       9%          3
 Ozocubu's Armour         Ice            9%         N/A       9%          3
 Swiftness                Air            9%         N/A       9%          3
 Hailstorm                Conj/Ice       8%         3d4       11%         3
 Confusing Touch          Hex            8%         N/A       12%         3
 Dispel Undead            Necr           8%         3d8       36%         4
 Metabolic Englaciation   Hex/Ice        4%         N/A       65%         5
 Simulacrum               Ice/Necr       4%         N/A       99%         6


Dungeon Overview and Level Annotations

Branches:
Dungeon (8/15)             Temple (0/1) D:7
   Lair: D:8-11

Altars:
Ashenzari
Dithmenos
Gozag
Ru
Vehumet

Shops:
D:1 [   D:3 ?=

Annotations:
D:3 1 runed translucent door, Crazy Yiuf


Innate Abilities, Weirdness & Mutations

You have very sharp teeth.
Your uncanny sense of smell can sniff out nearby items.
Your experience applies equally to all skills.


Message History

Your shadow imp dies!
Your shadow imp dissolves into shadows!
Your jelly closely misses something.
Something closely misses you.
Unknown command.
You hit something. Your jelly misses something. Something barely misses you.
Unknown command.
The gnoll sergeant barely misses something.
Something hits you.
* * * LOW HITPOINT WARNING * * *
Something shocks you.
* * * LOW HITPOINT WARNING * * *
Unknown command.
You swap places.
The gnoll sergeant misses you.
Something hits your iguana but does no damage.
The gnoll sergeant hits your jelly with a +2 trident of protection.
The gnoll sergeant is burned by acid!
Your jelly hits something but does no damage.
You feel better.
The gnoll sergeant completely misses your jelly.
Something hits your iguana but does no damage.
Unknown command.
Your jelly barely misses something.
A sky beast appears from thin air!
Reactivating autopickup.
The sky beast hits your iguana. The sky beast shocks your iguana.
The gnoll sergeant hits you from afar with a +2 trident of protection!
* * * LOW HITPOINT WARNING * * *
Your iguana misses the sky beast. Your jelly hits the sky beast.
The sky beast is splashed with acid.
The sky beast hits your iguana. The sky beast shocks your iguana.
The gnoll sergeant hits your jelly with a +2 trident of protection!
Your jelly dies!
Your jelly dissolves into shadows!
Your iguana bites the sky beast.
The sky beast hits your iguana but does no damage.
You catch the helpless sky beast completely off-guard!
You impale the sky beast!!
You kill the sky beast!
The gnoll sergeant blocks your iguana's attack.
The gnoll sergeant hits you from afar with a +2 trident of protection!
You die...

#####.......#############...#####
...............# #....#......
............##<# #........###
######.>...###.# ###.........))
#######......... ............###
...........###.. ##..........#
####..###..###..# ####.......# ##
#..# #.....##### #.#####.#
.###..###.##.##.@.## ## ##..#
..........##.#.l†..#####. #.#
.##.#.######.#.g#........ ∆ .#
.##.#†# #.#...†.#####. ∆ ..
...<#.# #.##)..## ... ##..#.#
#.###.## ..# ##..#.# #..##~# .##
<.....# #...'.# ∆ ##..### #.###.#


You could see a gnoll sergeant (ally target) and a friendly iguana (summoned).

Vanquished Creatures
  3 sky beasts
  A black bear (D:7)
  2 ogres
  A gnoll sergeant (D:6)
  2 scorpions (D:6)
  A killer bee (D:8)
  2 howler monkeys
  5 hounds
  An orc priest (D:6)
  A gnoll bouda (D:4)
  A sleepcap (D:4)
  2 iguanas
  Robin (D:3)
  7 gnolls
  6 adders
  2 shadow imps (D:5)
  2 ufetubi (D:6)
  A worm (D:3)
  A dart slug (D:2)
  6 orcs
  8 bats
  3 endoplasms
  A giant cockroach (D:4)
  14 goblins
  11 hobgoblins
  5 jackals
  5 quokkas
  9 ball pythons
  3 frilled lizards (D:2)
  6 kobolds
  3 rats
116 creatures vanquished.

Vanquished Creatures (collateral kills)
  An ufetubus (D:6)
  An orc (D:6)
2 creatures vanquished.

Grand Total: 118 creatures vanquished

Notes
Turn   | Place    | Note
-------+----------+-------------------------------------------
     0 | D:1      | randomguy2701 the Gnoll Wanderer began the quest for the
                  | Orb.
     0 | D:1      | randomguy2701 set off with the following items: a +0
                  | dagger, a +0 pair of gloves, a scroll of fear, a +0 robe, a
                  | +2 buckler; and the following spell memorised: Sting; and
                  | the following spells available to memorise: Ignite Poison.
     0 | D:1      | Reached XP level 1. HP: 17/17 MP: 4/4
    42 | D:1      | Found Diorosuf's Armour Shop.
    42 | D:1      | Noticed an animated crystal plate armour
    42 | D:1      | Noticed an animated storm dragon scales
   247 | D:1      | Reached XP level 2. HP: 18/23 MP: 5/5
  1067 | D:2      | Reached XP level 3. HP: 28/28 MP: 5/7
  1118 | D:2      | Found a sacrificial altar of Ru.
  1624 | D:2      | Reached skill level 1 in Invocations
  2278 | D:3      | Reached skill level 1 in Short Blades
  2278 | D:3      | Reached skill level 1 in Long Blades
  2278 | D:3      | Reached skill level 1 in Axes
  2278 | D:3      | Reached skill level 1 in Maces & Flails
  2278 | D:3      | Reached skill level 1 in Polearms
  2278 | D:3      | Reached skill level 1 in Staves
  2278 | D:3      | Reached skill level 1 in Ranged Weapons
  2278 | D:3      | Reached skill level 1 in Throwing
  2278 | D:3      | Reached skill level 1 in Dodging
  2278 | D:3      | Reached skill level 1 in Unarmed Combat
  2278 | D:3      | Reached skill level 1 in Evocations
  2360 | D:3      | Noticed Robin
  2386 | D:3      | Reached XP level 4. HP: 21/34 MP: 4/8
  2401 | D:3      | Reached skill level 1 in Shapeshifting
  2432 | D:3      | Killed Robin
  2728 | D:3      | Found a broken altar of Ashenzari.
  2859 | D:3      | Reached skill level 1 in Conjurations
  2859 | D:3      | Reached skill level 1 in Hexes
  2859 | D:3      | Reached skill level 1 in Summonings
  2859 | D:3      | Reached skill level 1 in Necromancy
  2859 | D:3      | Reached skill level 1 in Translocations
  2859 | D:3      | Reached skill level 1 in Fire Magic
  2859 | D:3      | Reached skill level 1 in Ice Magic
  2859 | D:3      | Reached skill level 1 in Air Magic
  2859 | D:3      | Reached skill level 1 in Earth Magic
  2859 | D:3      | Reached skill level 1 in Poison Magic
  2996 | D:3      | Found Vewozagh's One-of-a-Kind Rings.
  3067 | D:3      | Found Ruivalos's Magic Scroll Shop.
  3233 | D:3      | Found an opulent altar of Gozag.
  3282 | D:3      | Found a runed translucent door.
  3283 | D:3      | Noticed Crazy Yiuf
  3320 | D:3      | Became a worshipper of Ashenzari the Shackled
  3378 | D:4      | Identified the +2 quarterstaff of Ninlygionk {heavy, Str+2
                  | SInv}
  3440 | D:4      | Found a shadowy altar of Dithmenos.
  3513 | D:4      | Reached XP level 5. HP: 25/40 MP: 4/9
  4430 | D:4      | Reached XP level 6. HP: 28/47 MP: 0/11
  4630 | D:5      | Entered Level 5 of the Dungeon
  5101 | D:5      | Reached XP level 7. HP: 40/52 MP: 3/12
  5105 | D:5      | Reached skill level 7 in Shields
  5176 | D:5      | Found a radiant altar of Vehumet.
  5224 | D:5      | You fall into a shaft and drop 3 floors!
  5320 | D:8      | Reached * piety under Ashenzari
  5448 | D:8      | Noticed a yak
  5449 | D:8      | Noticed a yak
  5485 | D:8      | Noticed a hornet
  5506 | D:7      | Identified a scroll of acquirement
  5540 | D:7      | Reached skill level 5 in Stealth
  5795 | D:6      | Reached XP level 8. HP: 56/60 MP: 8/14
  6362 | D:6      | Slain by a gnoll sergeant

Illustrated notes

Levels and vault maps discovered:
D:1:      psy_arrival_basics, layout_loops_ring, serial_shops,
          nicolae_shop_mannequins, nrook_mini_backslash
D:2:      layout_loops_ring, basic_altar, minmay_cut_off
D:3:      layout_basic, lemuel_coloured_pillars_altar,
          cheibrodos_ashenzari_chains, serial_shops,
          nicolae_shop_real_fake_doors, grunt_ministairs_10,
          amcnicky_mini_pool_small, eino_curves_01, nicolae_shop_unique_rings,
          dreamdust_princess_bridge, uniq_robin, uniq_crazy_yiuf_cottage
D:4:      layout_loops_cross, mainiacjoe_overflow_paths, minmay_ruptured
D:5:      layout_cave_pods, mainiacjoe_overflow_alcove_2
D:6:      minmay_octagon_keep, layout_loops_ring, general_overflow_altar
D:7:      layout_rooms, minmay_temple_entry_statues_pillars,
          minmay_misc_feat_ornament
D:8:      layout_cave_pods, enter_bailey_5

Skill      XL: |  1  2  3  4  5  6  7  8 |
---------------+-------------------------+-----
Invocations    | 1 2 3 |  3.9
Short Blades   | 1 2 3 |  3.5
Long Blades    | 1 2 3 |  3.5
Axes           | 1 2 3 |  3.5
Maces & Flails | 1 2 3 |  3.5
Polearms       | 1 2 3 |  3.5
Staves         | 1 2 3 |  3.5
Ranged Weapons | 1 2 3 |  3.5
Throwing       | 1 2 3 |  3.5
Dodging        | 1 2 3 |  3.5
Unarmed Combat | 1 2 3 |  3.5
Evocations     | 1 2 3 |  3.5
Shapeshifting  | 1 2 3 |  3.2
Spellcasting   | 3 4 |  4.5
Conjurations   | 1 2 |  2.9
Hexes          | 1 2 |  2.9
Summonings     | 1 2 |  2.9
Necromancy     | 1 2 |  2.9
Translocations | 1 2 |  2.9
Fire Magic     | 1 2 |  2.9
Ice Magic      | 1 2 |  2.9
Air Magic      | 1 2 |  2.9
Earth Magic    | 1 2 |  2.9
Poison Magic   | 1 2 |  2.9
Fighting       | 3 4 |  4.4
Armour         | 3 4 |  4.4
Transmutations | 4 |  4.8
Shields        | 7 |  7.5
Stealth        | 5 |  5.5

Action                     |  1- 3 |  4- 6 |  7- 9 || total
---------------------------+-------+-------+-------++-------
  Melee: Dagger            |   100 |    93 |    87 ||   280
         Bite              |     7 |    10 |    15 ||    32
   Cast: Sting             |    63 |   108 |    63 ||   234
 Invoke: Curse Item        |       |     1 |     1 ||     2
    Use: Scroll            |       |       |     7 ||     7
         Potion            |       |       |     3 ||     3
   Stab: Sleeping          |     1 |     1 |     2 ||     4
         Distracted        |       |       |     1 ||     1
 Armour: Robe              |    70 |    48 |    52 ||   170
  Dodge: Dodged            |    75 |    99 |   106 ||   280
  Block: Buckler           |    52 |    63 |    71 ||   186

Table legend: (Time is in decaauts)
 A = Elapsed time spent in this place.
 B = Non-inter-level travel time spent in this place.
 C = Inter-level travel time spent in this place.
 D = Time resting spent in this place.
 E = Time spent auto-exploring this place.
 F = Levels seen in this place.
 G = Mean time per level.
                   A        B        C        D        E       F      G
               +--------+--------+--------+--------+--------+-----+--------+
         Total |   6355 |   6163 |    192 |     77 |   4895 |   8 |  794.4 |
       Dungeon |   6355 |   6163 |    192 |     77 |   4895 |   8 |  794.4 |
               +--------+--------+--------+--------+--------+-----+--------+

Top non-repeatable levels by time:
     D:4: 1254 daAuts
     D:2: 1167 daAuts
     D:3: 1139 daAuts
     D:1: 1066 daAuts
     D:6: 797 daAuts
     D:5: 592 daAuts
     D:8: 284 daAuts
     D:7: 52 daAuts
